 Dungeon Crawl Stone Soup version 0.20-a0-550-gf70bbbc (webtiles) character file.

16375 Colliwobble the Severer (level 12, 111/111 HPs)
             Began as a Minotaur Berserker on Feb 3, 2017.
             Was a High Priest of Trog.
             Starved to death
             ... while paralysed
             ... in a labyrinth.
             The game lasted 00:51:36 (15438 turns).

Colliwobble the Severer (Minotaur Berserker)       Turns: 15438, Time: 00:51:37

Health: 111/111    AC: 18    Str: 25    XL:     12   Next: 9%
Magic:  11/11      EV:  2    Int:  4    God:    Trog [*****.]
Gold:   609        SH:  0    Dex: 12    Spells: 11/11 levels left

rFire    . . .     SeeInvis .   e - +3 executioner's axe (venom)
rCold    + . .     Gourm    .   f - +1 plate armour {rC+}
rNeg     . . .     Faith    .   (shield currently unavailable)
rPois    .         Spirit   .   (helmet restricted)
rElec    .         Reflect  .   h - +0 cloak
rCorr    .         Harm     .   (no gloves)
MR       .....                  D - -1 pair of boots
Stlth    ..........             (no amulet)
Regen    0.3/turn               (no ring)
                                B - +1 ring of evasion

@: paralysed, fainting
A: retaliatory headbutt, horns 2
a: Berserk, Trog's Hand, Brothers in Arms, Burn Spellbooks, Renounce Religion


You were in a labyrinth.
You worshipped Trog.
Trog was extremely pleased with you.
You were fainting.

You visited 2 branches of the dungeon, and saw 12 of its levels.
You also visited: Labyrinth and Bailey.

You collected 609 gold pieces.

Inventory:

Hand Weapons
 a - a +1 war axe of electrocution
 e - a +3 executioner's axe of venom (weapon)
 z - the +7 trident "Efoaz" {pierce, rN+}
   (You found it in a bailey)

   It inflicts extra damage upon your enemies.
   It protects you from negative energy.
Missiles
 s - 234 stones (quivered)
 K - 2 throwing nets
Armour
 f - a +1 plate armour of cold resistance (worn)
 h - a +0 cloak (worn)
 D - a -1 pair of boots (worn)
 H - the +0 shield of Honesty {rElec rPois Stlth+}
   (You found it on level 6 of the Dungeon)

   It insulates you from electricity.
   It protects you from poison.
   It makes you more stealthy.
 J - +2 steam dragon scales
Jewellery
 B - a +1 ring of evasion (left hand)
Wands
 E - a wand of random effects (23/48)
 F - a wand of lightning (4/15)
 I - a wand of iceblast (12/15)
 P - a wand of paralysis (14/24)
 Q - a wand of polymorph (18/24)
Scrolls
 d - a scroll of immolation
 i - 5 scrolls of remove curse
 q - a scroll of recharging
 u - 3 scrolls of fog
 y - a scroll of acquirement
 C - 3 scrolls of enchant armour
 O - 3 scrolls of identify
 R - a scroll of random uselessness {unknown}
Potions
 b - a potion of haste
 j - 4 potions of lignification
 l - a potion of invisibility
 p - 3 potions of flight
 r - 4 potions of brilliance
 t - a potion of might
 v - 6 potions of curing
 w - 5 potions of heal wounds
 x - 3 potions of ambrosia
 G - 2 potions of agility
 L - a potion of cure mutation {unknown}
 N - a potion of magic {unknown}
Books
 g - a book of Frost

   Spells                             Type                      Level
   a - Freeze                         Ice                          1
   b - Throw Frost                    Conjuration/Ice              2
   c - Ozocubu's Armour               Charms/Ice                   3
   d - Throw Icicle                   Conjuration/Ice              4
   e - Summon Ice Beast               Ice/Summoning                4
   Trog disapproves of the use of such an item.
 A - a book of Geomancy

   Spells                             Type                      Level
   a - Sandblast                      Earth                        1
   b - Passwall                       Transmutation/Earth          2
   c - Stone Arrow                    Conjuration/Earth            3
   d - Petrify                        Transmutation/Earth          4
   e - Lee's Rapid Deconstruction     Earth                        5
   Trog disapproves of the use of such an item.


   Skills:
 + Level 11.7 Fighting
 - Level 16.7 Axes
 + Level 11.4 Armour
 - Level 2.1 Dodging


You had 11 spell levels left.
You didn't know any spells.

Dungeon Overview and Level Annotations

Branches:
Dungeon (11/15)            Temple (1/1) D:6
   Lair: D:8-11         Orc: D:9-12

Altars:
Ashenzari
Cheibriados
Dithmenos
Elyvilon
Fedhas
Gozag
Hepliaklqana
Kikubaaqudgha
Makhleb
Nemelex Xobeh
Okawaru
Qazlal
Ru
Sif Muna
Trog
Uskayaw
Vehumet
Xom
Yredelemnul
Zin
The Shining One

Shops:
D:4 *   D:5 (   D:8 [

Annotations:
D:11 1 runed door


Innate Abilities, Weirdness & Mutations

You reflexively headbutt those who attack you in melee.
You have a pair of horns on your head.


Message History

You're too hungry to rest.
You're too hungry to rest.
You're too hungry to rest.
You're too hungry to rest.
You're too hungry to rest.
You're too hungry to rest.
You're too hungry to rest.
You're too hungry to rest.
You're too hungry to rest.
You're too hungry to rest.
You're too hungry to rest.
You're too hungry to rest.
You're too hungry to rest.
You are fainting from starvation!
You lose consciousness!
You can move again.
The floor suddenly vibrates beneath you!
You lose consciousness!
You have starved to death.
You die...

# .#
###.###.#
#........
#@#
#...%.#
#####.#
#.# ###


There were no monsters in sight!

Vanquished Creatures
  7 death yaks
  2 two-headed ogres
  The ghost of MetaCosm the Blocker, a novice FoFi of Trog (D:9)
  An orc high priest (Bailey)
  An orc knight (Bailey)
  The ghost of Haze the Skirmisher, a novice DsFi of Sif Muna (D:6)
  An orc sorcerer (Bailey)
  An ugly thing (D:11)
  A troll (D:11)
  The ghost of Fear the Slasher, an amateur BaFi (D:4)
  A hornet (D:10)
  2 hippogriffs
  2 hungry ghosts
  4 humans (D:9)
  Grum (D:8)
  A soldier ant (D:10)
  2 water moccasins
  9 orc warriors
  5 sky beasts
  3 ice beasts
  5 phantoms
  4 wolves (D:8)
  5 ogres
  2 centaurs
  The ghost of sageleaf the Chiller, an amateur MfIE (D:3)
  2 crocodiles
  5 bullfrogs
  A wyvern zombie (D:8)
  A water moccasin zombie (D:8)
  3 scorpions
  A troll zombie (D:11)
  5 killer bees (D:10)
  5 wights (D:8)
  An electric eel (Bailey)
  3 crimson imps
  4 bullfrog zombies
  4 hounds
  A jelly (D:8)
  A centaur zombie (D:7)
  2 bullfrog skeletons
  4 orc priests
  A gnoll shaman (D:6)
  4 orc wizards
  A centaur skeleton (D:10)
  An iguana (D:9)
  9 worker ants
  A killer bee zombie (D:6)
  5 ogre zombies (D:11)
  A hound zombie (D:6)
  11 gnolls
  15 adders
  An ooze (D:2)
  2 adder skeletons
  3 worms
  5 dart slugs
  11 leopard geckos
  49 orcs
  2 ball pythons
  9 bats
  5 giant cockroaches
  23 goblins
  17 hobgoblins
  2 jackals (D:2)
  6 quokkas
  5 frilled lizards
  A goblin skeleton (D:11)
  A goblin zombie (D:11)
  A hobgoblin zombie (D:11)
  A jackal skeleton (D:6)
  A jackal zombie (D:7)
  7 kobolds
  A leopard gecko skeleton (D:9)
  An orc skeleton (D:11)
  12 orc zombies (D:11)
  5 rats
327 creatures vanquished.

Notes
Turn   | Place    | Note
-------+----------+-------------------------------------------
     0 | D:1      | Colliwobble the Minotaur Berserker began the quest for the Orb.
     0 | D:1      | Reached XP level 1. HP: 19/19 MP: 0/0
   103 | D:1      | Reached skill level 4 in Axes
   158 | D:1      | Reached XP level 2. HP: 26/26 MP: 1/1
   419 | D:1      | Reached skill level 5 in Axes
   435 | D:1      | Reached XP level 3. HP: 23/31 MP: 2/2
   605 | D:1      | Reached ** piety under Trog
  1102 | D:2      | Reached skill level 6 in Axes
  1102 | D:2      | Reached XP level 4. HP: 35/39 MP: 3/3
  1485 | D:3      | Reached *** piety under Trog
  1615 | D:3      | Noticed a crocodile
  1629 | D:3      | Killed a crocodile
  1629 | D:3      | Reached skill level 7 in Axes
  1629 | D:3      | Reached XP level 5. HP: 42/45 MP: 4/4
  1745 | D:3      | Reached skill level 8 in Axes
  1912 | D:3      | Noticed sageleaf's ghost (amateur MfIE)
  1931 | D:3      | Killed sageleaf's ghost
  1931 | D:3      | Reached XP level 6. HP: 32/51 MP: 5/5
  2755 | D:4      | Noticed Fear's ghost (amateur BaFi)
  2774 | D:4      | Killed Fear's ghost
  2774 | D:4      | Reached skill level 9 in Axes
  2774 | D:4      | Reached XP level 7. HP: 37/57 MP: 6/6
  2803 | D:4      | Reached skill level 10 in Axes
  3184 | D:4      | Reached skill level 11 in Axes
  3253 | D:4      | Found Taorheq's Serpentskin Sales.
  3490 | D:5      | Entered Level 5 of the Dungeon
  3495 | D:5      | Reached XP level 8. HP: 57/64 MP: 7/7
  3586 | D:5      | Reached skill level 12 in Axes
  3605 | D:5      | Reached **** piety under Trog
  3856 | D:5      | Found Ostaj's Weapon Shop.
  4259 | D:6      | Reached skill level 5 in Fighting
  4348 | D:6      | Got an ancient shield
  4364 | D:5      | Identified the +0 shield of Honesty {rElec rPois Stlth+} (You found it on level 6 of the Dungeon)
  4376 | D:6      | Noticed Haze's ghost (novice DsFi)
  4378 | D:6      | Reached skill level 5 in Armour
  4388 | D:6      | Killed Haze's ghost
  4388 | D:6      | Reached XP level 9. HP: 50/78 MP: 8/8
  4797 | D:6      | Found a staircase to the Ecumenical Temple.
  4808 | Temple   | Entered the Ecumenical Temple
  5358 | D:7      | Reached ***** piety under Trog
  5914 | D:8      | Found Jeofiacu's Armour Emporium.
  6190 | D:8      | Reached XP level 10. HP: 92/92 MP: 9/9
  6224 | D:8      | Received a gift from Trog
  6386 | D:8      | Noticed Grum
  6391 | D:8      | Killed Grum
  6866 | D:9      | Reached skill level 13 in Axes
  6871 | D:9      | Noticed MetaCosm's ghost (novice FoFi)
  6883 | D:9      | Killed MetaCosm's ghost
  7004 | D:9      | Noticed a two-headed ogre
  7014 | D:9      | Killed a two-headed ogre
  7014 | D:9      | Reached skill level 14 in Axes
  7664 | D:10     | Entered Level 10 of the Dungeon
  7676 | D:10     | Reached skill level 15 in Axes
  7811 | D:10     | Noticed a two-headed ogre
  7821 | D:10     | Killed a two-headed ogre
  7821 | D:10     | Reached XP level 11. HP: 99/99 MP: 10/10
  7854 | D:10     | Found a flagged portal.
  7869 | Bailey   | Entered a bailey
  7889 | Bailey   | Noticed an orc knight
  7901 | Bailey   | Killed an orc knight
  7916 | Bailey   | Found an iron altar of Okawaru.
  7916 | Bailey   | Noticed an orc sorcerer
  7916 | Bailey   | Noticed an orc high priest
  7936 | Bailey   | Killed an orc high priest
  7936 | Bailey   | Reached skill level 16 in Axes
  7943 | Bailey   | Killed an orc sorcerer
  8563 | Bailey   | Got a shimmering trident
  8966 | D:10     | Identified the +7 trident "Efoaz" {pierce, rN+} (You found it in a bailey)
  9211 | D:11     | Noticed a death yak
  9212 | D:11     | Noticed a death yak
  9219 | D:11     | Killed a death yak
  9219 | D:11     | Reached skill level 10 in Fighting
  9234 | D:10     | Killed a death yak
  9234 | D:10     | Received a gift from Trog
  9234 | D:10     | Reached skill level 10 in Armour
  9479 | D:11     | Noticed a white ugly thing
  9484 | D:11     | Killed a white ugly thing
  9524 | D:11     | Found a runed door.
  9524 | D:11     | Noticed a death yak
  9524 | D:11     | Noticed a death yak
  9525 | D:11     | Noticed a death yak
  9525 | D:11     | Noticed a death yak
  9525 | D:11     | Noticed a death yak
  9532 | D:11     | Killed a death yak
  9535 | D:11     | Killed a death yak
  9538 | D:11     | Killed a death yak
  9540 | D:11     | Killed a death yak
  9540 | D:11     | Reached XP level 12. HP: 71/110 MP: 11/11
  9541 | D:11     | Killed a death yak
  9587 | D:11     | Found a labyrinth entrance.
  9601 | Lab      | Entered a labyrinth
 13859 | Lab      | Paralysed by fainting for 11 turns
 13934 | Lab      | Paralysed by fainting for 6 turns
 15398 | Lab      | Paralysed by fainting for 8 turns
 15435 | Lab      | Paralysed by fainting for 7 turns
 15438 | Lab      | Starved to death

Vault maps used:
D:1:      dpeg_arrival_rhombi
D:3:      first_bread, minmay_misc_feat_rows
D:4:      corner_web_ring, roderic_lattice_a, guppyfry_shop_venom
D:5:      serial_shops, shop
D:6:      minmay_temple_entry_statues_fountains
D:7:      grunt_ogre_cave
D:8:      serial_shops, shop, uniq_grum
D:9:      minmay_ruffians
D:10:     enter_bailey_3, minmay_misc_feat_columns
D:11:     dpeg_lair_monsters, zombieorc2_lemuel, portal_ice_cave_rime,
          lab_entry_generic, lightli_airlock, uniq_snorg
Temple:   minmay_crystal_snake_temple
Bailey:   bailey_axe_of_yendor_kennysheep, bailey

Skill      XL: |  1  2  3  4  5  6  7  8  9 10 11 |
---------------+----------------------------------+-----
Axes           | 4 5 6 7 8 9 11 12 15 16 | 16.7
Fighting       | 6 9 11 | 11.7
Armour         | 6 9 11 | 11.4
Dodging        | |  2.1

Action                   |  1- 3 |  4- 6 |  7- 9 | 10-12 || total
-------------------------+-------+-------+-------+-------++-------
Melee: Hand axe          |    96 |    91 |       |       ||   187
       Headbutt          |    13 |    19 |    55 |    61 ||   148
       War axe           |       |    19 |   284 |    98 ||   401
       Executioner's axe |       |       |       |   224 ||   224
 Fire: Hunting sling     |       |    12 |     3 |       ||    15
       Shortbow          |       |       |     2 |       ||     2
Throw: Stone             |       |       |     3 |     3 ||     6
Invok: Berserk           |     1 |       |       |     2 ||     3
  Use: Scroll            |       |       |    11 |    18 ||    29
  Eat: Chunk             |     1 |     5 |    11 |    12 ||    29
       Meat ration       |       |       |       |     1 ||     1
       Fruit             |       |       |       |     7 ||     7
       Royal jelly       |       |       |       |     3 ||     3
       Bread ration      |       |       |       |     1 ||     1
Armor: Leather armour    |    14 |       |       |       ||    14
       Plate armour      |    14 |    57 |   133 |   164 ||   368
Dodge: Dodged            |    58 |    31 |    66 |   130 ||   285
Block: Shield            |       |       |    54 |     7 ||    61
